AoeStats
← vitor_age2

Arena

509999275Analyzed
2v2 RM · 2d ago on Sep 29, 2026· 46m 22s· 4 players
Game mode
Random Map
Map size
Medium (4 player)
Population
200
Speed
Normal
Resources
Standard
Victory
Conquest
Starting age
Dark Age
Ending age
Imperial Age
RankedLock teamsTeams togetherTeam positionsShared explorationLock speedFull tech treeHidden civsTurbo modeCheats
Victory
Defeat
🇲🇽 Varangians · Mexico
985
+14
🇺🇸 Spanish · United States
958
+44
🇧🇷 Varangians · Brazil
953
-15
🇧🇷 Cumans · Brazil
929
-14
DEADASS BEE
10:48 Feudal Age
14:55 Castle Age
12:52 Double-Bit Axe
14:04 Horse Collar
15:56 Bow Saw
16:20 Heavy Plow
23:00 Fletching
25:51 Wheelbarrow
27:45 Bodkin Arrow
28:04 Bodkin Arrow
28:55 Scale Barding Armor
30:38 Hand Cart
34:11 Inquisition
37:07 Imperial Age
35:19 Chain Barding Armor
34:54 Gold Mining
36:13 Stone Mining
38:23 Ballistics
39:07 Chemistry
39:39 Two-Man Saw
40:55 Stone Shaft Mining
41:05 Conscription
41:19 Elite Conquistador
42:20 Pikeman
43:00 Squires
43:18 Scale Mail Armor
43:29 Forging
43:26 Halberdier
46:11 Chain Mail Armor
46:31 Iron Casting
SgtPepper1664
5:02 Loom
12:02 Feudal Age
18:39 Castle Age
18:06 Bloodlines
18:22 Stone Mining
19:42 Double-Bit Axe
22:12 Horse Collar
25:19 Husbandry
25:53 Scale Barding Armor
25:58 Forging
27:54 Bow Saw
31:17 Chain Barding Armor
36:33 Iron Casting
38:00 Heavy Plow
40:10 Town Watch
41:33 Gold Mining
45:10 Imperial Age
43:57 Vendel Legacy
45:16 Cavalier
46:19 Capped Ram
NannoD
9:42 Feudal Age
8:04 Loom
16:40 Horse Collar
16:47 Double-Bit Axe
18:18 Wheelbarrow
26:42 Castle Age
28:48 Hand Cart
30:11 Arson
30:27 Squires
vitor_age2
10:50 Feudal Age
14:39 Castle Age
14:22 Double-Bit Axe
15:43 Loom
16:21 Horse Collar
32:49 Ballistics
34:57 Wheelbarrow
38:01 Imperial Age
36:23 Bloodlines
37:52 Husbandry
38:10 Scale Barding Armor
38:57 Forging
40:04 Gold Mining
39:54 Cavalier
44:39 Vendel Legacy
Connection lost

Rejoining the realm…

Still unreachable

The connection could not be restored.

Session expired

The server has moved on; the page needs a fresh start.